 Dungeon Crawl Stone Soup version 0.31-a0-150-g89dc3ad700 (webtiles) character file.

Game seed: 5376813278657219156

43 qw the Shooter (level 3, 0/22 HPs)
             Began as a Gargoyle Hunter on June 8, 2023.
             Slain by an orc priest
             ... wielding a +0 short sword
              (2 damage)
             ... on level 2 of the Dungeon.
             The game lasted 00:00:16 (1048 turns).

qw the Shooter (Gargoyle Hunter)                    Turns: 1048, Time: 00:00:16

Health: 0/22       AC:  6    Str: 14    XL:     3   Next: 58%
Magic:  3/3        EV: 11    Int:  9    God:
Gold:   45         SH:  0    Dex: 15    Spells: 2/2 levels left

rFire   . . .        Y - +1 shortbow
rCold   . . .        (shield currently unavailable)
rNeg    + . .        c - +0 leather armour
rPois   inf          (no helmet)
rElec   +            (no cloak)
rCorr   .            (no gloves)
SInv    .            (no boots)
Will    .....        i - amulet of regeneration
Stlth   ++           (no ring)
HPRegen 1.03/turn    (no ring)
MPRegen 0.08/turn

%: no passive effects
@: no status effects
A: sickness immunity, AC +3, negative energy resistance 1, electricity
resistance, torment resistance 1, petrification resistance
a: no special abilities


You were on level 2 of the Dungeon.
You visited 1 branch of the dungeon, and saw 2 of its levels.

You collected 45 gold pieces.


Innate Abilities, Weirdness & Mutations

You are immune to sickness and miasma.
Your stone body is resilient. (AC +3)
You are immune to poison.
You resist negative energy. (rN+)
You are resistant to electric shocks. (rElec)
You are resistant to unholy torment.
You are immune to petrification.


   Skills:
 + Level 2.8 Fighting
 - Level 5.0 Ranged Weapons
 - Level 1.5 Dodging
 - Level 1.1 Stealth


You had 2 spell levels left.
You didn't know any spells.
Your spell library was empty.

Inventory:

Hand Weapons
 Y - a +1 shortbow (weapon)
Armour
 c - a +0 leather armour (worn)
Jewellery
 i - an amulet of regeneration (around neck)
Scrolls
 a - a scroll of brand weapon {unknown}
 b - a scroll of immolation {unknown}
Potions
 h - a potion of lignification {unknown}
 j - a potion of attraction {unknown}

Dungeon Overview and Level Annotations

Branches:
Dungeon (2/15)

Altars:


Message History

You shoot an arrow. Something hits you but does no damage.
The orc throws a boomerang.
The boomerang misses you.
You shoot an arrow. The arrow closely misses the orc.
The arrow hits the adder.
The adder is moderately wounded.
Something hits you but does no damage.
You shoot an arrow. The arrow hits the orc.
The orc is severely wounded.
The orc priest looks encouraged for a moment.
The orc priest mumbles some strange prayers to Beogh against you.
Beogh smites you!
Ouch! That really hurt!
You shoot an arrow. The arrow hits the orc!
You kill the orc!
You shoot an arrow. The arrow hits the adder.
The adder is severely wounded.
Something hits you.
You shoot an arrow. Something hits you.
You shoot an arrow. The arrow barely misses the adder.
Something hits you but does no damage.
You shoot an arrow. The arrow hits the adder!
You kill the adder!
Something hits you but does no damage.
You shoot an arrow. The arrow barely misses the orc.
The arrow hits the bat!
You kill the bat!
Something hits you. The orc hits you but does no damage.
You shoot an arrow. The arrow hits the orc.
The orc is almost dead.
Something hits you. The orc closely misses you.
You shoot an arrow. The arrow hits the orc.
You kill the orc!
You hear some strange, mumbled words.
A puff of flame appears from out of thin air!
The puff of flame hits you!
Ouch! That really hurt!
You shoot an arrow. The arrow hits the orc priest.
The orc priest is lightly wounded.
The orc priest hits you with a +0 short sword.
You die...

#..>...# #......# ##
#......# #.. #......# #.#
#......# #%# .
####..####.# .o
#...#....# ..l
##.#......## w..
#@{#.......# . #..
##o##(......# #.
#.#...#%w##.......# ##..
#....%.%.###..>..####....
###...#...##............#
#.....#.#..............
#...#.>............####
#..................# ...
...............#


You could see an orc priest and a dart slug.

Vanquished Creatures
  2 adders (D:2)
  2 orcs (D:2)
  4 bats
  An endoplasm (D:2)
  A goblin (D:1)
  2 hobgoblins
  4 jackals (D:2)
  2 kobolds (D:1)
  A ball python (D:1)
  2 frilled lizards
  2 rats
23 creatures vanquished.

Notes
Turn   | Place    | Note
-------+----------+-------------------------------------------
     0 | D:1      | qw the Gargoyle Hunter began the quest for the Orb.
     0 | D:1      | Reached XP level 1. HP: 12/12 MP: 1/1
     0 | D:1      | 0 ||| qw: Version: 0.2-a-119-g7aa9181
     0 | D:1      | 0 ||| qw: Game counter: 2778
     0 | D:1      | 0 ||| qw: Always use a shield: true
     0 | D:1      | 0 ||| qw: God list: Okawaru
     0 | D:1      | 0 ||| qw: Allow faded altars: false
     0 | D:1      | 0 ||| qw: Do Orc after D:15 true
     0 | D:1      | 0 ||| qw: Do second Lair branch before Depths: true
     0 | D:1      | 0 ||| qw: Lair rune preference: random
     0 | D:1      | 0 ||| qw: Plans: Normal
     0 | D:1      | 0 ||| PLANNING D:1-11
   230 | D:1      | Reached XP level 2. HP: 17/17 MP: 2/2
   858 | D:1      | 858 ||| UPGRADING to amulet of regeneration.
   863 | D:1      | 863 ||| DROPPING +6 ring of intelligence.
   864 | D:1      | 864 ||| READING scroll labelled ACWUOREUNO.
   865 | D:1      | 865 ||| READING scroll labelled DEEGHI PAXIURI.
   866 | D:1      | 866 ||| READING scroll labelled HIRAFU ETASKAV.
   867 | D:1      | 867 ||| READING scroll labelled ZUKOIJ EFU.
   868 | D:1      | 868 ||| DRINKING 2 metallic puce potions.
   869 | D:1      | 869 ||| DROPPING scroll of butterflies.
  1020 | D:2      | Reached XP level 3. HP: 21/21 MP: 3/3
  1023 | D:2      | 1023 ||| Stepping ~*~*~tactically~*~*~ (outnumbered).
  1028 | D:2      | 1028 ||| Stepping ~*~*~tactically~*~*~ (outnumbered).
  1030 | D:2      | Reached skill level 5 in Ranged Weapons
  1034 | D:2      | 1034 ||| Stepping ~*~*~tactically~*~*~ (outnumbered).
  1035 | D:2      | HP: 1/21 [orc priest/divine providence (15)]
  1036 | D:2      | 1036 ||| DRINKING potion of heal wounds.
  1047 | D:2      | HP: 1/22 [something/puff of flame (11)]
  1048 | D:2      | Slain by an orc priest

Levels and vault maps discovered:
D:1:      dpeg_arrival_rooms_a, layout_loops_ring, roderic_lattice_a
D:2:      layout_rooms

Skill      XL: |  1  2  3 |
---------------+----------+-----
Ranged Weapons | 5 |  5.0
Fighting       | |  2.8
Dodging        | |  1.5
Stealth        | |  1.1

Action                     || total
---------------------------++-------
   Fire: Shortbow          ||    49
    Use: Scroll            ||     4
         Potion            ||     2
 Armour: Leather armour    ||    20
  Dodge: Dodged            ||    16

Table legend:
 A = Non-vault XP
 B = Vault XP
 C = Vault XP percentage of total XP
 D = Non-vault monster count
 E = Vault monster count
 F = Vault count percentage of total count
                 A         B        C        D         E       F
            +---------+---------+-------+---------+---------+-------
      Total |      62 |       0 |   0.0 |      23 |       0 |   0.0
            +---------+---------+-------+---------+---------+-------
        D:1 |      14 |       0 |   0.0 |       9 |       0 |   0.0
        D:2 |      48 |       0 |   0.0 |      14 |       0 |   0.0
            +---------+---------+-------+---------+---------+-------
